 Dungeon Crawl Stone Soup version 0.31-a0-355-g57cb03d3e8 (webtiles) character file.

Game seed: 2781123481742876801

130603 Dordric the Metamorph (level 16, -14/125 HPs)
             Began as a Troll Shapeshifter on July 24, 2023.
             Was the Champion of Trog.
             Demolished by a rockslime (26 damage)
             ... created by the Royal Jelly
             ... on level 5 of the Pits of Slime on July 25, 2023.
             The game lasted 00:46:24 (22109 turns).

Dordric the Metamorph (Troll Shapeshifter)         Turns: 22109, Time: 00:46:24

Health: -14/125    AC:  7    Str: 31    XL:     16   Next: 53%
Magic:  0/15       EV: 33    Int:  3    God:    Trog [******]
Gold:   866        SH:  0    Dex: 15    Spells: 15/15 levels left

rFire   . .          .
                       - Unarmed
rCold   . . .        (shield currently unavailable)
rNeg    . . .        u - melded +1 robe {rF+}
rPois   ∞            H - melded +0 hat of Golden Amelioration {Drain rPois rCorr Slay+5}
rElec   +            Q - melded +2 cloak
rCorr   +            (gloves unavailable)
SInv    .            (boots unavailable)
Will    +....        S - amulet of guardian spirit
Stlth   +            q - +4 ring of protection
HPRegen 1.20/turn    M - ring of resist corrosion
MPRegen 0.14/turn

%: clarity, guardian spirit
@: storm-form, corroded, on berserk cooldown, flying, hasted and slowed
A: cleaving, insubstantial, flying, reduced hp, large, unfitting armour, (claws
3), regeneration 1, (shaggy fur 1), (tough skin 1), clarity, (fire resistance
1), sense surroundings 1, strong 1
a: Blinkbolt, Begin Untransformation, Renounce Religion, Berserk, Trog's Hand,
Brothers in Arms


You were on level 5 of the Pits of Slime.
You worshipped Trog.
Trog was exalted by your worship.
You were a lightning-filled tempest!
You visited 5 branches of the dungeon, and saw 28 of its levels.
You also visited: Bailey.

You collected 2457 gold pieces.
You spent 1591 gold pieces at shops.

Inventory:

Missiles
 W - 2 throwing nets
Armour
 u - a +1 robe of fire resistance (melded)
 v - +0 ice dragon scales
 H - the +0 hat of Golden Amelioration (melded) {Drain rPois rCorr Slay+5}
   (You found it in a bailey)

   Slay:      It affects your accuracy & damage with ranged weapons and melee
   (+5).
   rPois:     It protects you from poison.
   rCorr:     It protects you from acid and corrosion.
   Drain:     It drains your maximum health when unequipped.
 Q - a +2 cloak (melded)
 V - a +0 troll leather armour
Jewellery
 l - the ring of Fedhas's Vengeance {Contam rPois Str+6 Dex-2 SInv}
   (You found it on level 5 of the Lair of Beasts)

   [ring of strength]

   Str:       It affects your strength (+6).
   Dex:       It affects your dexterity (-2).
   rPois:     It protects you from poison.
   SInv:      It lets you see invisible.
   Contam:    It causes magical contamination when unequipped.
 q - a +4 ring of protection (left fist)
 t - a ring of ice
 y - a +5 ring of evasion
 C - a ring of poison resistance
 M - a ring of resist corrosion (right fist)
 N - a ring of magical power
 R - a ring of flight
 S - an amulet of guardian spirit (around neck)
 Y - a ring of protection from fire
Talismans
 a - a storm talisman
 c - a beast talisman
 h - a maw talisman
Wands
 r - a wand of paralysis (28)
 s - a wand of quicksilver (32)
 x - a wand of flame (40)
 L - a wand of iceblast (4)
 O - a wand of digging (11)
 U - a wand of polymorph (3)
Scrolls
 d - 5 scrolls of blinking
 e - 3 scrolls of silence
 f - 5 scrolls of fog
 g - 3 scrolls of brand weapon
 k - a scroll of immolation
 n - 4 scrolls of fear
 o - 3 scrolls of vulnerability
 z - a scroll of revelation
 A - 4 scrolls of torment
 D - a scroll of enchant weapon
 J - 6 scrolls of teleportation
Potions
 b - 2 potions of lignification
 i - 2 potions of ambrosia {unknown}
 j - 2 potions of haste
 m - 3 potions of magic {unknown}
 p - 7 potions of curing
 w - 4 potions of attraction
 B - 5 potions of might
 E - 2 potions of resistance {unknown}
 F - 2 potions of invisibility {unknown}
 G - 2 potions of heal wounds {unknown}
 I - a potion of degeneration {unknown}
 K - 3 potions of enlightenment
 P - 2 potions of brilliance {unknown}
 T - 2 potions of mutation
 Z - a potion of berserk rage {unknown}
Miscellaneous
 X - a phial of floods


   Skills:
 + Level 12.1 Fighting
 + Level 8.1 Dodging
 + Level 18.1 Unarmed Combat
 + Level 18.5 Shapeshifting


You had 15 spell levels left.
You didn't know any spells.
Your spell library contained the following spells:

 Spells                   Type           Power      Damage    Failure   Level
 Kiss of Death            Conj/Necr      0%         2d5       52%         1
 Confusing Touch          Hex            0%         N/A       88%         3
 Dazzling Flash           Conj/Hex       0%         N/A       88%         3
 Gell's Gravitas          Tloc           0%         N/A       88%         3
 Teleport Other           Tloc           0%         N/A       88%         3
 Volatile Blastmotes      Fire/Tloc      0%         2d10      88%         3
 Dispel Undead            Necr           0%         3d6       99%         4
 Dispersal                Tloc           0%         N/A       100%        6
 Starburst                Conj/Fire      0%         6d3       100%        6
 Maxwell's Capacitive Co  Air            0%         ∞         100%        8


Dungeon Overview and Level Annotations

Branches:
Dungeon (15/15)            Temple (1/1) D:6            Lair (5/5) D:10
 Shoals (0/4) Lair:3        Snake (0/4) Lair:3        Slime (5/5) Lair:4
    Orc (2/2) D:12            Elf (0/3) Orc:2        Vaults (0/5) D:13
 Depths (0/4) D:15         Bailey (visited)

Altars:
Ashenzari
Cheibriados
Dithmenos
Elyvilon
Fedhas
Gozag
Hepliaklqana
Kikubaaqudgha
Makhleb
Nemelex Xobeh
Okawaru
Qazlal
Ru
Sif Muna
Trog
Uskayaw
Vehumet
Wu Jian
Xom
Yredelemnul
Zin
The Shining One
Jiyva

Shops:
D:5 [   D:9 =   D:10 [*[   D:11 !   D:12 [(   D:13 (   D:15 *   Orc:2 =([*

Annotations:
Lair:5 exclusion: oklob plant


Innate Abilities, Weirdness & Mutations

You are a lightning-filled tempest!
Your electrical attacks strike out in all directions at once.
You are incredibly evasive.
Your insubstantial body is immune to petrification, constriction, and being set on fire You are flying.
Your maximum health is decreased, since you lack skill for your form.
Your armour is entirely melded.
You are incapable of wielding weapons or throwing items.
You are too large for most types of armour.
You are immune to poison.
((You have claws for hands.))
Your natural rate of healing is unusually fast.
((You are covered in fur. (AC +1)))
((You have tough skin. (AC +1)))
You possess an exceptional clarity of mind.
((Your flesh is heat resistant. (rF+)))
You passively map a small area around you.
Your muscles are strong. (Str +4, Int/Dex -1)


Message History

The rockslime hits you!!
* * * LOW HITPOINT WARNING * * *
You hold your ground!
Okay, then.
You buffet the azure jelly!
The azure jelly is heavily wounded.
You buffet the quicksilver ooze!
You batter the rockslime!!
You kill the rockslime!
That felt strangely unrewarding.
You buffet the rockslime!
You blast the large slime creature!!!
You buffet the rockslime!
You kill the rockslime!
That felt strangely unrewarding.
You blast the rockslime!!!
You kill the rockslime!
That felt strangely unrewarding.
The quicksilver ooze hits you!!
* * * LOW HITPOINT WARNING * * *
The quicksilver ooze completely misses you.
Two slime creatures merge to form a large slime creature.
The rockslime misses you.
The quicksilver ooze attacks as you move away!
The quicksilver ooze closely misses you.
The quicksilver ooze hits you.
* * * LOW HITPOINT WARNING * * *
You feel your power leaking away. The quicksilver ooze barely misses you.
The quicksilver ooze hits you but does no damage.
The quicksilver ooze attacks as you move away!
The quicksilver ooze completely misses you. x2
You feel a strong urge to attack something.
A large slime creature splits.
Two slime creatures merge to form a large slime creature.
Unknown command.
You are no longer berserk.
You are exhausted.
You feel yourself slow down.
You feel yourself speed up. The quicksilver ooze hits you!
* * * LOW HITPOINT WARNING * * *
The quicksilver ooze completely misses you. x4
The quicksilver ooze closely misses you.
The rockslime attacks as you move away! The rockslime hits you!!
You die...

,, ###.......... , ,
* , ,###...........#.
#.#............
##............###
###................#,
#..................#*
,
#..................#
,
#...................
,
##.......vJJJJ......
, #.......JJJJ.......
, #.......J.JJ.J.....
##........JJ.......
#..........JJ.....
###..............., ,
#............... , ,
###.............
##............


You could see 3 acid blobs, 2 azure jellies, 3 large slime creatures, 4 slime
creatures, a rockslime and 3 quicksilver oozes.

Vanquished Creatures
  the Royal Jelly (Slime:5)
  11 acid blobs
  Gastronok (Lair:3)
  5 azure jellies
  Kirke (Lair:4)
  10 rockslimes
  3 orc warlords
  9 quicksilver oozes
  Josephine (Lair:3)
  4 hydras
  A great orb of eyes (Slime:5)
  An ice dragon (D:13)
  Fannar (Orc:1)
  Harold (D:9)
  4 centaur warriors
  3 boulder beetles
  A two-headed ogre (D:11)
  13 death yaks
  A tengu warrior (D:11)
  An orc high priest (Orc:2)
  A skyshark (Lair:3)
  Amaemon (D:9)
  4 skeletal warriors
  Lodul (D:14)
  46 slime creatures
  2 glowing orange brains
  2 sea snakes (Lair:5)
  A wizard (D:14)
  A lindwurm (Lair:5)
  2 necromancers
  A golden dragon skeleton (D:15)
  A phantasmal warrior (D:15)
  15 ugly things
  4 orc knights (Orc:2)
  2 orc sorcerers
  A frost giant zombie (D:15)
  3 deep elf pyromancers
  5 shining eyes
  4 cyclopes
  9 elephants
  A merfolk siren (Lair:3)
  2 eyes of devastation
  3 black mambas
  2 torpor snails (Lair:5)
  An orange demon (D:9)
  A gargoyle (D:11)
  11 komodo dragons
  An unseen horror zombie (D:8)
  12 cane toads
  An efreet (D:11)
  A guardian mummy (D:15)
  2 rime drakes
  A tengu conjurer (D:11)
  9 trolls
  A polar bear (Lair:2)
  A merfolk (Lair:3)
  A wind drake (Lair:5)
  2 spriggan zombies (D:15)
  15 blink frogs
  Grinder (D:4)
  A snapping turtle (Lair:5)
  4 shadows
  7 wyverns
  2 vampires
  6 hogs (Lair:4)
  4 water elementals (D:14)
  44 yaks
  7 wraiths
  3 basilisks
  Eustachio (D:6)
  A steam dragon (Lair:5)
  11 vampire mosquitoes
  2 two-headed ogre zombies (D:12)
  3 wargs
  Duvessa (D:6)
  An acid dragon (D:8)
  20 water moccasins
  35 orc warriors
  2 ice beasts
  5 black bears
  18 ogres
  10 wolves
  7 centaurs
  A phantom (D:12)
  5 kobold brigands
  2 gnoll sergeants
  2 scorpions (D:4)
  12 bullfrogs
  9 wights
  Dowan (D:6)
  2 troll zombies (D:12)
  21 killer bees
  3 howler monkeys (D:7)
  7 electric eels
  6 hounds
  17 orc priests
  5 jellies
  4 iguanas
  16 orc wizards
  3 sleepcaps
  Ijyb (D:4)
  4 ogre zombies (D:12)
  A howler monkey zombie (D:8)
  13 gnolls
  14 adders
  A shadow imp (D:7)
  3 white imps
  3 ufetubi
  A worm (D:3)
  5 dart slugs
  72 orcs
  7 endoplasms
  5 giant cockroaches
  14 goblins
  13 hobgoblins
  4 jackals
  6 quokkas
  8 ball pythons
  8 bats
  5 frilled lizards
  3 goblin skeletons (D:12)
  2 hobgoblin skeletons (D:12)
  3 hobgoblin zombies (D:12)
  39 kobolds
  An orc skeleton (D:12)
  16 orc zombies (D:12)
  9 rats
820 creatures vanquished.

Vanquished Creatures (collateral kills)
  A merfolk avatar (Lair:5)
  A manticore (Lair:5)
  A merfolk siren (Lair:3)
  4 rime drakes
  A komodo dragon (Lair:5)
  A merfolk (Lair:3)
  2 blink frogs (Lair:5)
  A wind drake (Lair:5)
  2 orc warriors (Orc:2)
  An orc wizard (Orc:2)
15 creatures vanquished.

Vanquished Creatures (others)
  A blink frog (Lair:5)
1 creature vanquished.

Grand Total: 836 creatures vanquished

Notes
Turn   | Place    | Note
-------+----------+-------------------------------------------
     0 | D:1      | Dordric the Troll Shapeshifter began the quest for the Orb.
     0 | D:1      | Reached XP level 1. HP: 18/18 MP: 0/0
   104 | D:1      | Reached XP level 2. HP: 26/26 MP: 1/1
   735 | D:2      | Reached XP level 3. HP: 32/32 MP: 2/2
   868 | D:2      | Reached XP level 4. HP: 40/40 MP: 3/3
  1606 | D:3      | Found a hide-covered altar of Uskayaw.
  1660 | D:3      | Reached XP level 5. HP: 15/46 MP: 4/4
  1750 | D:3      | Found a glowing silver altar of Zin.
  1906 | D:3      | Found a faded altar of an unknown god.
  1949 | D:3      | Noticed a +0 dagger
  1950 | D:3      | Noticed a +0 hand axe
  2218 | D:4      | Reached skill level 5 in Unarmed Combat
  2277 | D:4      | Reached XP level 6. HP: 54/54 MP: 5/5
  2440 | D:4      | Noticed Ijyb
  2451 | D:4      | Killed Ijyb
  2566 | D:4      | Reached skill level 5 in Shapeshifting
  2677 | D:4      | Reached XP level 7. HP: 52/61 MP: 6/6
  2783 | D:4      | Noticed Grinder
  2796 | D:4      | Paralysed by Grinder for 4 turns
  2808 | D:4      | Killed Grinder
  3134 | D:5      | Entered Level 5 of the Dungeon
  3144 | D:4      | Reached XP level 8. HP: 66/68 MP: 7/7
  3276 | D:5      | Found a radiant altar of Vehumet.
  3439 | D:5      | Found Lismer Jua's Armour Emporium.
  3523 | D:5      | Found a glowing golden altar of the Shining One.
  3868 | D:6      | Reached XP level 9. HP: 71/75 MP: 8/8
  3964 | D:6      | Noticed Duvessa
  3964 | D:6      | Noticed Dowan
  3971 | D:6      | Killed Duvessa
  3977 | D:6      | Killed Dowan
  4171 | D:6      | Noticed Eustachio
  4178 | D:6      | Killed Eustachio
  4396 | D:6      | Found a staircase to the Ecumenical Temple.
  4448 | Temple   | Entered the Ecumenical Temple
  4542 | Temple   | Became a worshipper of Trog the Wrathful
  4631 | D:7      | Reached skill level 10 in Unarmed Combat
  4882 | D:7      | Found a flagged portal.
  4894 | D:7      | Reached * piety under Trog
  4944 | Bailey   | Entered a bailey
  4949 | Bailey   | Noticed an orc warlord
  5065 | Bailey   | Reached XP level 10. HP: 53/83 MP: 9/9
  5143 | Bailey   | Found a runed translucent gate.
  5145 | Bailey   | Found a runed translucent gate.
  5146 | Bailey   | Found a runed translucent gate.
  5287 | Bailey   | Acquired a manual of Shapeshifting
  5362 | Bailey   | Killed an orc warlord
  5363 | Bailey   | Reached skill level 10 in Shapeshifting
  5371 | Bailey   | Identified the +0 hat of Golden Amelioration {Drain rPois
                  | rCorr Slay+5}
  5396 | Bailey   | Acquired a manual of Shapeshifting
  5461 | D:7      | Found an ornate altar of the Wu Jian Council.
  5651 | D:7      | Found an opulent altar of Gozag.
  5660 | D:7      | Found a shadowy altar of Dithmenos.
  5857 | D:8      | Found a blossoming altar of Fedhas.
  5915 | D:8      | Reached ** piety under Trog
  6127 | D:8      | Reached skill level 1 in Fighting
  6383 | D:8      | Found a basalt altar of Yredelemnul.
  6631 | D:8      | Reached *** piety under Trog
  7051 | D:9      | Reached XP level 11. HP: 91/93 MP: 10/10
  7100 | D:9      | Found Zeop's Jewellery Shop.
  7128 | D:9      | Noticed Harold
  7149 | D:9      | Paralysed by Harold for 4 turns
  7158 | D:9      | Killed Harold
  7261 | D:9      | Noticed Amaemon
  7267 | D:9      | Killed Amaemon
  7451 | D:10     | Entered Level 10 of the Dungeon
  7695 | D:10     | Found Xefawoc's Assorted Antiques.
  7704 | D:10     | Found Redo Vet's Antique Armour Shoppe.
  7760 | D:10     | Found Susk's Armour Shoppe.
  7806 | D:10     | Noticed a death yak
  7808 | D:10     | Noticed a death yak
  7810 | D:10     | Noticed a death yak
  7827 | D:10     | Noticed a death yak
  7829 | D:10     | Killed a death yak
  7831 | D:10     | Noticed a death yak
  7833 | D:10     | Killed a death yak
  7836 | D:10     | Killed a death yak
  7840 | D:10     | Killed a death yak
  7845 | D:10     | Killed a death yak
  7865 | D:10     | Found a staircase to the Lair.
  7983 | D:11     | Noticed a tengu warrior
  7993 | D:11     | Killed a tengu warrior
  7994 | D:11     | Reached skill level 5 in Fighting
  8017 | D:11     | Found Tasod's Distillery.
  8036 | D:11     | Reached **** piety under Trog
  8090 | D:11     | Noticed a two-headed ogre
  8094 | D:11     | Killed a two-headed ogre
  8348 | D:11     | Reached XP level 12. HP: 111/111 MP: 11/11
  8706 | D:12     | Found Othroakhu's Antique Weapon Shop.
  8747 | D:12     | Found a radiant altar of Vehumet.
  8855 | D:12     | Found a staircase to the Orcish Mines.
  8951 | D:12     | Noticed a boulder beetle
  8963 | D:12     | Killed a boulder beetle
  8972 | D:12     | Found Dethih's Antique Armour Emporium.
  9246 | D:12     | Reached ***** piety under Trog
  9596 | D:13     | Noticed a centaur warrior
  9610 | D:13     | Killed a centaur warrior
  9799 | D:13     | Noticed a centaur warrior
  9805 | D:13     | Killed a centaur warrior
 10160 | Lair:1   | Entered Level 1 of the Lair of Beasts
 10281 | Lair:1   | Found a dark tunnel.
 10630 | Lair:1   | Reached skill level 15 in Shapeshifting
 10907 | Lair:1   | Reached XP level 13. HP: 123/124 MP: 12/12
 11682 | Lair:2   | Found the +8 whip "Snakebite" {venom, curare, rPois}
 11961 | Lair:2   | Reached skill level 15 in Unarmed Combat
 12383 | Lair:3   | Found a staircase to the Shoals.
 12485 | Lair:3   | Found a staircase to the Snake Pit.
 12525 | Lair:3   | Received a gift from Trog
 12657 | Lair:3   | Noticed Gastronok
 12666 | Lair:3   | Killed Gastronok
 13191 | Lair:3   | Noticed Josephine
 13202 | Lair:3   | Killed Josephine
 13399 | Lair:3   | Reached XP level 14. HP: 128/140 MP: 9/13
 13645 | Lair:4   | Found a runed translucent door.
 13646 | Lair:4   | Found a viscous altar of Jiyva.
 13672 | Lair:4   | Found a staircase to the Slime Pits.
 13836 | Lair:4   | Noticed Kirke
 13845 | Lair:4   | Killed Kirke
 13908 | Lair:4   | Identified the +5 dagger of the Distant Future {distort,
                  | rC+ Will+ rCorr}
 14032 | Lair:4   | Found an ancient bone altar of Kikubaaqudgha.
 14399 | Lair:5   | Entered Level 5 of the Lair of Beasts
 14441 | Lair:5   | HP: 6/141 [barbs]
 14549 | Lair:5   | Identified the ring of Fedhas's Vengeance {Contam rPois
                  | Str+6 Dex-2 SInv}
 14556 | Lair:5   | Identified the +8 spear of Dithmenos, Thieving {elec, Fly
                  | rC+ Str-2 Int+3}
 14651 | Lair:5   | Reached skill level 10 in Fighting
 15627 | Orc:1    | Entered Level 1 of the Orcish Mines
 15817 | Orc:1    | Noticed Fannar
 15822 | Orc:1    | Killed Fannar
 15923 | Orc:1    | Found a bloodstained altar of Trog.
 15938 | Orc:1    | Received a gift from Trog
 16067 | Orc:2    | Entered Level 2 of the Orcish Mines
 16262 | Orc:2    | Found Cuafepep's Jewellery Shoppe.
 16362 | Orc:2    | Found a staircase to the Elven Halls.
 16388 | Orc:2    | Noticed an orc warlord
 16692 | Orc:2    | Noticed an orc warlord
 16754 | Orc:1    | Killed an orc warlord
 16888 | Orc:2    | Killed an orc warlord
 16941 | Orc:2    | Found Ustesy's Antique Weapon Emporium.
 16953 | Orc:2    | Found Uhae's Antique Armour Shop.
 16977 | Orc:2    | Reached skill level 5 in Dodging
 16982 | Orc:2    | Reached XP level 15. HP: 152/152 MP: 10/14
 17047 | Orc:2    | Found Cisukoep's General Store.
 17434 | D:13     | Found Boluh's Weapon Shop.
 17854 | D:13     | Found a gate to the Vaults.
 18119 | D:14     | Noticed Lodul
 18122 | D:14     | Killed Lodul
 18123 | D:14     | Reached ****** piety under Trog
 18188 | D:14     | You fall into a shaft and drop 1 floor!
 18188 | D:15     | Entered Level 15 of the Dungeon
 18188 | D:15     | Found a shadowy altar of Dithmenos.
 18227 | D:14     | Found a shimmering blue altar of Sif Muna.
 19428 | D:15     | Found a staircase to the Depths.
 19680 | D:15     | Found Foqaenam's Changing Room.
 20138 | Orc:2    | Bought a storm talisman for 1591 gold pieces
 20327 | Slime:1  | Entered Level 1 of the Pits of Slime
 20333 | Slime:1  | Gained mutation: Armour fits poorly on your strangely
                  | shaped body. [a shining eye]
 20841 | Slime:3  | Noticed a rockslime
 20844 | Slime:3  | Gained mutation: You occasionally lose the ability to drink
                  | potions when taking damage. [a shining eye]
 20845 | Slime:3  | Killed a rockslime
 20845 | Slime:3  | Noticed an acid blob
 20851 | Slime:3  | Killed an acid blob
 20851 | Slime:3  | Received a gift from Trog
 20994 | Slime:3  | Noticed an acid blob
 21010 | Slime:3  | Killed an acid blob
 21073 | Slime:3  | Noticed a rockslime
 21078 | Slime:3  | Killed a rockslime
 21309 | Slime:4  | Gained mutation: You are dopey. (Int -2) [a shining eye]
 21313 | Slime:4  | Noticed an acid blob
 21323 | Slime:4  | Killed an acid blob
 21459 | Slime:5  | Entered Level 5 of the Pits of Slime
 21467 | Slime:5  | Lost intelligence.
 21467 | Slime:5  | Gained mutation: You are very dopey. (Int -4) [a shining
                  | eye]
 21469 | Slime:5  | Gained mutation: Potions are less effective at restoring
                  | your health. [a shining eye]
 21474 | Slime:5  | Gained mutation: You are frail. (-10% HP) [a shining eye]
 21484 | Slime:5  | Noticed an acid blob
 21493 | Slime:5  | Noticed an acid blob
 21499 | Slime:5  | Killed an acid blob
 21499 | Slime:5  | Noticed an azure jelly
 21500 | Slime:5  | Reached XP level 16. HP: 68/146 MP: 5/15
 21773 | Slime:4  | Lost mutation: Armour fits poorly on your strangely shaped
                  | body. [potion of mutation]
 21773 | Slime:4  | Lost mutation: You occasionally lose the ability to drink
                  | potions when taking damage. [potion of mutation]
 21773 | Slime:4  | Lost mutation: You are very dopey. (Int -4) [potion of
                  | mutation]
 21773 | Slime:4  | Gained mutation: Your muscles are strong. (Str +4, Int/Dex
                  | -1) [potion of mutation]
 21773 | Slime:4  | Gained mutation: You possess an exceptional clarity of
                  | mind. [potion of mutation]
 21817 | Slime:4  | Killed an acid blob
 21870 | Slime:4  | Lost mutation: Potions are less effective at restoring your
                  | health. [potion of mutation]
 21870 | Slime:4  | Lost mutation: You are frail. (-10% HP) [potion of
                  | mutation]
 21870 | Slime:4  | Gained mutation: Your flesh is heat resistant. (rF+)
                  | [potion of mutation]
 21870 | Slime:4  | Lost mutation: You are dopey. (Int -2) [potion of mutation]
 21870 | Slime:4  | Gained mutation: You passively map a small area around you.
                  | [potion of mutation]
 21883 | Slime:5  | Noticed an acid blob
 21885 | Slime:5  | Noticed an acid blob
 21975 | Slime:5  | Killed an acid blob
 21977 | Slime:5  | Killed an acid blob
 22019 | Slime:5  | Noticed an acid blob
 22025 | Slime:5  | Killed an acid blob
 22084 | Slime:5  | Noticed an acid blob
 22087 | Slime:5  | Noticed the Royal Jelly
 22092 | Slime:5  | Killed an acid blob
 22092 | Slime:5  | Noticed an acid blob
 22094 | Slime:5  | Noticed an acid blob
 22096 | Slime:5  | Noticed an acid blob
 22097 | Slime:5  | Killed an acid blob
 22098 | Slime:5  | Noticed an acid blob
 22098 | Slime:5  | Noticed an acid blob
 22099 | Slime:5  | Killed an acid blob
 22100 | Slime:5  | Killed the Royal Jelly
 22109 | Slime:5  | Demolished by a rockslime

Illustrated notes

Levels and vault maps discovered:
D:1:      lightli_arrival_quake, layout_rooms, nicolae_hexahallways,
          minmay_lizard_pond
D:2:      layout_basic
D:3:      layout_loops_ring, dancing_weapons_uskayaw,
          mainiacjoe_overflow_24_doors, shapermc_ecumenical_altar_pompeii,
          st_stairs_8, guppyfry_early_orc_mine
D:4:      layout_cave_pods, uniq_ijyb, uniq_grinder
D:5:      layout_cave_pools, tso_oasis_becter, mainiacjoe_overflow_alcove_1,
          serial_shops, nicolae_shop_real_fake_doors
D:6:      layout_loops_ring, minmay_temple_entry_enclosed_plants,
          minmay_door_square, uniq_duvessa, uniq_eustachio
D:7:      layout_loops_ring, mainiacjoe_overflow_six_doors_small,
          mainiacjoe_overflow_swirl, enter_bailey_3
D:8:      layout_loops_ring, fedhas_altar_1, lemuel_zombie_altar_yredelemnul
D:9:      layout_roguey, serial_shops, shop, uniq_harold, uniq_amaemon
D:10:     layout_basic, dpeg_lair_monsters, serial_shops,
          nicolae_shop_overgrown_old_shop, shop, shop
D:11:     layout_gridville, nicolae_take_the_stairs, minivault_16,
          minmay_starry_boxes
D:12:     layout_loops_cross, zombieorc2_lemuel, serial_shops, shop, shop,
          vehumet_altar_wand_db
D:13:     layout_long_grid, david_vaults_4, serial_shops, nicolae_shop_stone,
          nicolae_figureground_sparkle
D:14:     layout_basic, nicolae_sif_muna_condensation, uniq_lodul
D:15:     gammafunk_depths_entry_grave, layout_small_grid,
          minmay_misc_feat_room, nicolae_transmutations_shop,
          nicolae_dithmenos_shadow_blocks
Temple:   dshaligram_water_room_temple
Lair:1:   layout_cave_pods, nicolae_volcano_entry_lava_flow,
          dpeg_stationary_puzzle
Lair:2:   minmay_guarded_unrand_snakebite, layout_regular_city,
          serial_bayou_lake_a, lemuel_fruit_tree
Lair:3:   layout_gridlike, elwin_shoals_entry_stream,
          minmay_snake_entry_six_corridors, uniq_josephine, uniq_gastronok
Lair:4:   layout_gridlike, slime_entry_2, basic_altar, serial_bayou_crossing,
          uniq_kirke
Lair:5:   gammafunk_lair_ancient_temple, layout_small_grid,
          serial_bayou_shore_b, infiniplex_staircase_pool
Slime:1:  layout_caves, nicolae_slime_barrier
Slime:2:  layout_caves, basic_altar
Slime:3:  nicolae_slime_infinislime, layout_caves
Slime:4:  layout_caves
Slime:5:  slime_pit_nicolae_royal_road_to_ruin
Orc:1:    layout_caves, basic_altar, mines2_lemuel, uniq_fannar
Orc:2:    grunt_orc_gardens, layout_caves, grunt_orc_garden, grunt_orc_garden,
          grunt_orc_garden, grunt_orc_garden

Skill      XL: |  1  2  3  4  5  6  7  8  9 10 11 12 13 14 15 16 |
---------------+-------------------------------------------------+-----
Unarmed Combat | 4 5 6 7 8 10 12 13 14 15 16 17 18 | 18.1
Shapeshifting  | 4 5 6 7 9 11 13 15 16 17 18 | 18.5
Fighting       | 2 5 7 9 10 11 12 | 12.1
Dodging        | 5 7 8 |  8.1

Action                     |  1- 3 |  4- 6 |  7- 9 | 10-12 | 13-15 | 16-18 || total
---------------------------+-------+-------+-------+-------+-------+-------++-------
  Melee: Unarmed           |    71 |   138 |   255 |   466 |   813 |    42 ||  1785
         Punch             |     2 |     4 |    10 |    38 |    85 |     7 ||   146
         Maw               |       |       |       |    90 |   171 |       ||   261
 Invoke: Berserk           |       |       |     1 |     5 |    13 |     3 ||    22
         Trog's Hand       |       |       |       |     3 |     5 |     1 ||     9
         Brothers in Arms  |       |       |       |       |     4 |       ||     4
Ability: Blinkbolt         |       |       |       |       |       |     1 ||     1
  Evoke: Wand              |       |     1 |       |     2 |       |       ||     3
    Use: Scroll            |       |     2 |     2 |     9 |     7 |       ||    20
         Potion            |       |       |       |       |       |     7 ||     7
   Stab: Paralysed         |       |     2 |       |     7 |       |       ||     9
         Sleeping          |       |     1 |     3 |       |       |       ||     4
         Distracted        |       |       |       |     1 |       |       ||     1
 Armour: Animal skin       |    34 |    31 |    11 |       |       |       ||    76
         Robe              |       |       |   100 |     2 |       |       ||   102
         Skin              |       |       |       |    67 |   141 |    23 ||   231
  Dodge: Dodged            |    45 |    62 |   120 |   206 |   528 |   156 ||  1117
         Form:             |       |       |       |     2 |       |       ||     2
         Maw               |       |       |       |     2 |       |       ||     2
         Storm             |       |       |       |       |     1 |       ||     1
         Beast             |       |       |       |       |     1 |       ||     1

Table legend: (Time is in decaauts)
 A = Elapsed time spent in this place.
 B = Non-inter-level travel time spent in this place.
 C = Inter-level travel time spent in this place.
 D = Time resting spent in this place.
 E = Time spent auto-exploring this place.
 F = Levels seen in this place.
 G = Mean time per level.
                   A        B        C        D        E       F      G
               +--------+--------+--------+--------+--------+-----+--------+
         Total |  22046 |  20806 |   1240 |   1905 |  14710 |  29 |  760.2 |
       Dungeon |  12350 |  11502 |    848 |    586 |   8763 |  15 |  823.3 |
        Temple |    110 |     94 |     16 |      0 |      0 |   1 |  110.0 |
          Lair |   5439 |   5173 |    266 |    404 |   3836 |   5 | 1087.8 |
    Slime Pits |   1904 |   1863 |     41 |    559 |   1042 |   5 |  380.8 |
  Orcish Mines |   1767 |   1699 |     68 |    304 |    867 |   2 |  883.5 |
        Bailey |    473 |    473 |      0 |     51 |    201 |   1 |  473.0 |
               +--------+--------+--------+--------+--------+-----+--------+

Top non-repeatable levels by time:
    D:14: 1280 daAuts
    D:13: 1254 daAuts
  Lair:1: 1229 daAuts
  Lair:3: 1146 daAuts
  Lair:5: 1098 daAuts
   Orc:2: 1033 daAuts
  Lair:2: 1027 daAuts
    D:12: 973 daAuts
     D:8: 960 daAuts
  Lair:4: 937 daAuts
     D:4: 936 daAuts
     D:6: 818 daAuts
     D:2: 769 daAuts
    D:11: 751 daAuts
     D:7: 744 daAuts
